Lightning vs Flyers

Created - Tuesday, March 08, 2016 at 03:00

Goals
1 2 3 T
Lightning 0 2 0 2
Flyers 1 2 1 4
Shots
1 2 3 T
Lightning 9 7 19 35
Flyers 18 6 10 34

1st period

1. Flyers , Bryan Little 35 (Taylor Hall, Justin Faulk) at 11:15 (PP)

Penalties :
Ondrej Palat (TB ) for Holding (Minor) at 0:57, Leo Komarov (TB ) for Hooking (Minor) at 1:08, Tyson Barrie (TB ) for Hooking (Minor) at 10:42

2nd period

2. Lightning , Jiri Tlusty 9 (Alex Chiasson) at 14:40
3. Flyers , Jakub Voracek 27 (Evgeni Malkin, Kyle Okposo) at 19:11 (PP)
4. Flyers , Chris Kreider 5 (Nate Thompson) at 19:23
5. Lightning , Patric Hornqvist 37 (Alexander Steen, Ryan Nugent-Hopkins) at 19:46

Penalties :
Marc Methot (TB ) for Slashing (Minor) at 5:03, Leo Komarov (TB ) for Holding (Minor) at 6:07, Evgeni Malkin (Phi) for Checking from behind (Minor) at 16:15, John Mitchell (TB ) for Charging (Minor) at 18:52

3rd period

6. Flyers , Bryan Little 36 (Justin Faulk) at 8:35 (PP)

Penalties :
Michael Stone (TB ) for Roughing (Minor) at 7:43, Jakub Voracek (Phi) for Holding (Minor) at 10:15, Barret Jackman (Phi) for High sticking (Minor) at 18:14

Goalie Stats

Carey Price (TB ), 30 saves from 34 shots - (0.882), L, 34-14-7, 60:00 minutes
Corey Crawford (Phi), 33 saves from 35 shots - (0.943), W, 40-15-2, 60:00 minutes

Players Stats for Lightning

Player Name              G  A  P  +/- PIM S  H  SB GA TA FO     MP     PP MP  PK MP  
------------------------------------------------------------------------------------
Alex Chiasson            0  1  1   1  0   3  0  0  0  0  0/0     9:32   0:00   0:00 
Alexander Steen          0  1  1   1  0   3  2  0  3  0  0/0    17:25   3:10   0:20 
Brandon Dubinsky         0  0  0   0  0   1  1  2  2  0  10/18  19:27   2:33   3:08 
Derek MacKenzie          0  0  0  -1  0   3  1  1  1  0  6/13   14:05   0:00   3:49 
Dmitry Kulikov           0  0  0   1  0   1  4  2  0  1  0/0    20:33   2:52   2:43 
Jiri Tlusty              1  0  1   1  0   3  2  0  0  1  0/0     9:32   0:00   0:00 
John Mitchell            0  0  0   1  2   0  0  1  0  0  3/5     9:31   0:00   0:00 
Leo Komarov              0  0  0  -1  4   2  0  0  0  0  0/0    12:46   0:00   1:54 
Marc Methot              0  0  0   1  2   3  2  1  0  2  0/0    20:08   2:52   1:54 
Matt Calvert             0  0  0  -1  0   2  0  0  0  0  0/4    12:23   0:00   1:40 
Michael Stone            0  0  0   0  2   2  2  0  0  0  0/0    15:23   0:00   0:00 
Ondrej Palat             0  0  0   0  2   2  0  0  4  1  0/0    15:48   2:33   0:06 
Patric Hornqvist         1  0  1   1  0   2  6  1  1  0  0/0    16:56   3:10   0:00 
Roman Polak              0  0  0   0  0   2  0  5  0  1  0/0    20:48   0:00   5:15 
Ryan Nugent-Hopkins      0  1  1   1  0   0  1  1  1  0  6/15   16:56   3:10   0:00 
Ryan Strome              0  0  0   0  0   3  0  0  2  0  0/0    15:43   2:33   0:00 
Ryan Suter               0  0  0   0  0   3  2  1  1  2  0/0    24:03   2:51   4:14 
Tyson Barrie             0  0  0   0  2   0  0  2  0  0  0/0    19:14   2:51   0:00 

Players Stats for Flyers

Player Name              G  A  P  +/- PIM S  H  SB GA TA FO     MP     PP MP  PK MP  
------------------------------------------------------------------------------------
Barret Jackman           0  0  0   0  2   1  0  0  0  1  0/0    15:14   0:00   1:23 
Bryan Little             2  0  2  -1  0   6  1  1  1  0  8/18   20:44   3:08   4:09 
Chris Kreider            1  0  1   1  0   2  0  0  1  0  0/0     7:45   0:00   0:00 
Corey Perry              0  0  0  -1  0   2  1  0  0  0  0/0    16:35   3:08   0:00 
Evgeni Malkin            0  1  1  -1  2   1  1  2  1  2  9/21   18:53   3:49   0:00 
Gabriel Landeskog        0  0  0   0  0   1  4  0  4  0  1/2    15:16   0:00   4:47 
Jakub Voracek            1  0  1  -1  2   4  0  0  3  0  0/0    18:49   3:49   0:00 
Jay McClement            0  0  0   0  0   0  0  1  0  1  6/7    11:34   0:00   0:31 
Justin Faulk             0  2  2  -1  0   2  0  2  0  1  0/0    20:49   3:41   0:07 
Kyle Okposo              0  1  1  -1  0   1  2  0  0  0  0/0    18:16   3:49   0:00 
Luke Glendening          0  0  0   1  0   1  0  0  1  0  0/0     8:50   0:00   0:31 
Mark Giordano            0  0  0   0  0   4  0  0  1  0  0/0    23:56   3:16   4:13 
Nate Thompson            0  1  1   1  0   1  1  0  1  0  6/6     7:45   0:00   0:00 
Niklas Kronwall          0  0  0   0  0   1  4  2  0  0  0/0    21:56   3:16   1:30 
P.K. Subban              0  0  0  -1  0   3  2  1  0  0  0/0    24:55   3:41   4:13 
Riley Nash               0  0  0   0  0   2  2  0  0  0  0/0    12:10   0:00   1:03 
Slava Voynov             0  0  0   0  0   1  0  1  0  1  0/0    13:09   0:00   0:00 
Taylor Hall              0  1  1  -1  0   1  2  1  2  0  0/1    17:38   3:08   0:25 

3 Stars

1 - Patric Hornqvist (TB )
2 - Bryan Little (Phi)
3 - Jiri Tlusty (TB )

Power Play

Lightning - 0 on 3 Attempt(s) - 0.00%
Flyers - 3 on 7 Attempt(s) - 42.86%

Penalty Kill

Lightning - 4 on 7 Attempt(s) - 57.14% - Score 0 goal in Penalty Kill
Flyers - 3 on 3 Attempt(s) - 100.00% - Score 0 goal in Penalty Kill

Team Stat

Lightning - Hits : 23 - Faceoff Wins : 25 - Blocked Shots : 17 - Penalty Minutes : 14
Flyers - Hits : 20 - Faceoff Wins : 30 - Blocked Shots : 11 - Penalty Minutes : 6

Official

Referees : Unknown
Linesman : Unknown

Game Notes

No Game Note

Finance

Level 1 -- Attendance: 6000 (100.00%) -- Ticket Income $486,000
Level 2 -- Attendance: 4575 (91.50%) -- Ticket Income $237,900
Level 3 -- Attendance: 1773 (88.65%) -- Ticket Income $53,190
Level 4 -- Attendance: 4000 (100.00%) -- Ticket Income $72,000
Luxury Box -- Attendance: 892 (89.20%) -- Ticket Income $160,560
Game was played at the Wachovia Center.
Total Attendance: 17240 (95.78%)
Total Ticket Income: $1,009,650
Other Income: $494,728
Total Income: $1,504,378

Lightning

5 vs 5 Forward 
   Center                   Left Wing                Right Wing               Time % Phy DF OF 
 1 Ryan Nugent-Hopkins      Alexander Steen          Patric Hornqvist         30     0   2  3  
 2 Brandon Dubinsky         Ondrej Palat             Ryan Strome              30     1   2  2  
 3 John Mitchell            Jiri Tlusty              Alex Chiasson            20     1   2  2  
 4 Derek MacKenzie          Matt Calvert             Leo Komarov              20     1   2  2  

5 vs 5 Defense 
   Defense                  Defense                                           Time % Phy DF OF 
 1 Ryan Suter               Tyson Barrie                                      34     1   2  2  
 2 Dmitry Kulikov           Marc Methot                                       33     1   2  2  
 3 Roman Polak              Michael Stone                                     33     1   2  2  
 4 Ryan Suter               Tyson Barrie                                      0      1   2  2  

PowerPlay Forward 
   Center                   Left Wing                Right Wing               Time % Phy DF OF 
 1 Ryan Nugent-Hopkins      Alexander Steen          Patric Hornqvist         50     0   1  4  
 2 Brandon Dubinsky         Ondrej Palat             Ryan Strome              50     0   1  4  

PowerPlay Defense
   Defense                  Defense                                           Time % Phy DF OF 
 1 Ryan Suter               Tyson Barrie                                      60     1   2  2  
 2 Dmitry Kulikov           Marc Methot                                       40     1   2  2  

Penalty Kill 4 Players Forward 
   Center                   Wing                     Time % Phy DF OF 
 1 Derek MacKenzie          Leo Komarov              50     1   4  0  
 2 Brandon Dubinsky         Matt Calvert             50     1   4  0  

Penalty Kill 4 Players Defense
   Defense                  Defense                  Time % Phy DF OF 
 1 Dmitry Kulikov           Roman Polak              50     1   4  0  
 2 Ryan Suter               Marc Methot              50     1   4  0  

Penalty Kill - 3 Players Forward 
   Forward                                           Time % Phy DF OF 
 1 Derek MacKenzie                                   50     1   4  0  
 2 Brandon Dubinsky                                  50     1   4  0  

Penalty Kill - 3 Players Defense
   Defense                  Defense                  Time % Phy DF OF 
 1 Dmitry Kulikov           Roman Polak              50     1   4  0  
 2 Ryan Suter               Marc Methot              50     1   4  0  

4 vs 4 Forward 
   Center                   Wing                     Time % Phy DF OF 
 1 Ryan Nugent-Hopkins      Patric Hornqvist         50     1   2  2  
 2 Brandon Dubinsky         Ondrej Palat             50     1   2  2  

4 vs 4 Defense
   Defense                  Defense                  Time % Phy DF OF 
 1 Ryan Suter               Tyson Barrie             50     1   2  2  
 2 Dmitry Kulikov           Marc Methot              50     1   2  2  

Last Minutes Offensive
   Center                   Left Wing                Right Wing               Defense                  Defense                  
   Ryan Nugent-Hopkins      Alexander Steen          Patric Hornqvist         Ryan Suter               Tyson Barrie             

Last Minutes Defensive
   Center                   Left Wing                Right Wing               Defense                  Defense                  
   Brandon Dubinsky         Alexander Steen          Leo Komarov              Ryan Suter               Roman Polak              

Goaltenders
Starting : Carey Price              
Backup : Mike Smith               

Extra Forwards
Normal : Ryan Nugent-Hopkins, Patric Hornqvist, Brandon Dubinsky - PP : Ryan Nugent-Hopkins, Patric Hornqvist - PK : Leo Komarov
Extra Defensemen
Normal : Ryan Suter, Dmitry Kulikov, Marc Methot - PP : Ryan Suter - PK : Roman Polak, Ryan Suter
Penalty Shots
Alexander Steen, Derek MacKenzie, Ryan Strome, Ryan Nugent-Hopkins, Patric Hornqvist

Flyers

5 vs 5 Forward 
   Center                   Left Wing                Right Wing               Time % Phy DF OF 
 1 Evgeni Malkin            Jakub Voracek            Kyle Okposo              37     0   0  5  
 2 Bryan Little             Taylor Hall              Corey Perry              33     0   1  4  
 3 Jay McClement            Gabriel Landeskog        Riley Nash               20     0   4  1  
 4 Nate Thompson            Chris Kreider            Luke Glendening          10     0   4  1  

5 vs 5 Defense 
   Defense                  Defense                                           Time % Phy DF OF 
 1 P.K. Subban              Justin Faulk                                      35     0   1  4  
 2 Mark Giordano            Niklas Kronwall                                   35     0   1  4  
 3 Barret Jackman           Slava Voynov                                      20     1   4  0  
 4 P.K. Subban              Justin Faulk                                      10     0   3  2  

PowerPlay Forward 
   Center                   Left Wing                Right Wing               Time % Phy DF OF 
 1 Evgeni Malkin            Jakub Voracek            Kyle Okposo              60     0   0  5  
 2 Bryan Little             Taylor Hall              Corey Perry              40     0   0  5  

PowerPlay Defense
   Defense                  Defense                                           Time % Phy DF OF 
 1 P.K. Subban              Justin Faulk                                      60     0   1  4  
 2 Mark Giordano            Niklas Kronwall                                   40     0   1  4  

Penalty Kill 4 Players Forward 
   Center                   Wing                     Time % Phy DF OF 
 1 Bryan Little             Gabriel Landeskog        60     0   4  1  
 2 Jay McClement            Luke Glendening          40     0   5  0  

Penalty Kill 4 Players Defense
   Defense                  Defense                  Time % Phy DF OF 
 1 P.K. Subban              Mark Giordano            60     0   4  1  
 2 Barret Jackman           Niklas Kronwall          40     0   5  0  

Penalty Kill - 3 Players Forward 
   Forward                                           Time % Phy DF OF 
 1 Bryan Little                                      60     0   5  0  
 2 Jay McClement                                     40     0   5  0  

Penalty Kill - 3 Players Defense
   Defense                  Defense                  Time % Phy DF OF 
 1 P.K. Subban              Mark Giordano            60     0   5  0  
 2 Barret Jackman           Niklas Kronwall          40     0   5  0  

4 vs 4 Forward 
   Center                   Wing                     Time % Phy DF OF 
 1 Evgeni Malkin            Kyle Okposo              60     0   0  5  
 2 Bryan Little             Jakub Voracek            40     0   1  4  

4 vs 4 Defense
   Defense                  Defense                  Time % Phy DF OF 
 1 P.K. Subban              Justin Faulk             60     0   2  3  
 2 Mark Giordano            Niklas Kronwall          40     0   2  3  

Last Minutes Offensive
   Center                   Left Wing                Right Wing               Defense                  Defense                  
   Evgeni Malkin            Jakub Voracek            Kyle Okposo              P.K. Subban              Mark Giordano            

Last Minutes Defensive
   Center                   Left Wing                Right Wing               Defense                  Defense                  
   Bryan Little             Gabriel Landeskog        Luke Glendening          P.K. Subban              Mark Giordano            

Goaltenders
Starting : Corey Crawford           
Backup : Darcy Kuemper            

Extra Forwards
Normal : Gabriel Landeskog, Chris Kreider, Riley Nash - PP : Gabriel Landeskog, Chris Kreider - PK : Riley Nash
Extra Defensemen
Normal : Slava Voynov, Barret Jackman, Mark Giordano - PP : Slava Voynov - PK : Justin Faulk, Slava Voynov
Penalty Shots
Corey Perry, Evgeni Malkin, Kyle Okposo, Jakub Voracek, Bryan Little

% Time on Ice - Lightning

Lines # - Real PCT - Wanted PCT - Time Play
Normal Forward
1 - 29% - 30% - 13:55
2 - 29% - 30% - 13:46
3 - 20% - 20% - 9:32
4 - 21% - 20% - 10:07
Normal Defense
1 - 35% - 34% - 16:24
2 - 33% - 33% - 15:32
3 - 33% - 33% - 15:24
4 - 0% - 0% - 0:00
PP Forward
1 - 55% - 50% - 3:10
2 - 45% - 50% - 2:33
PP Defense
1 - 50% - 60% - 2:51
2 - 50% - 40% - 2:52
PK Forward
1 - 61% - 50% - 2:34
2 - 39% - 50% - 1:40
PK Defense
1 - 50% - 50% - 2:07
2 - 50% - 50% - 2:07
PK3 Forward
1 - 46% - 50% - 1:15
2 - 54% - 50% - 1:28
PK3 Defense
1 - 22% - 50% - 0:36
2 - 78% - 50% - 2:07
44 Forward
1 - 0% - 50%
2 - 0% - 50%
44 Defense
1 - 0% - 50%
2 - 0% - 50%
Last Minute Offensive  - 0:00
Last Minute Defensive  - 0:00
Total
Forward - 60:00
Defense - 60:00

% Time on Ice - Flyers

Lines # - Real PCT - Wanted PCT - Time Play
Normal Forward
1 - 32% - 37% - 15:05
2 - 30% - 33% - 14:01
3 - 22% - 20% - 10:29
4 - 16% - 10% - 7:45
Normal Defense
1 - 31% - 35% - 14:54
2 - 36% - 35% - 17:10
3 - 28% - 20% - 13:09
4 - 4% - 10% - 2:07
PP Forward
1 - 55% - 60% - 3:49
2 - 45% - 40% - 3:08
PP Defense
1 - 53% - 60% - 3:41
2 - 47% - 40% - 3:16
PK Forward
1 - 91% - 60% - 5:12
2 - 9% - 40% - 0:31
PK Defense
1 - 74% - 60% - 4:13
2 - 26% - 40% - 1:30
PK3 Forward
1 - 0% - 60%
2 - 0% - 40%
PK3 Defense
1 - 0% - 60%
2 - 0% - 40%
44 Forward
1 - 0% - 60%
2 - 0% - 40%
44 Defense
1 - 0% - 60%
2 - 0% - 40%
Last Minute Offensive  - 0:00
Last Minute Defensive  - 0:00
Total
Forward - 60:00
Defense - 60:00

Play by Play

1st period


0:01 of 1st period - Ryan Nugent-Hopkins wins face-off versus Evgeni Malkin in neutral zone.
0:04 of 1st period - Evgeni Malkin is hit by Patric Hornqvist and loses puck.
0:52 of 1st period - Snap shot by Ryan Suter.
0:52 of 1st period - Shot Blocked by Justin Faulk.
0:54 of 1st period - Snap shot by Marc Methot.
0:54 of 1st period - Stopped by Corey Crawford with a rebound.
0:56 of 1st period - Snap shot by Ondrej Palat.
0:56 of 1st period - Shot Misses the Net.
0:57 of 1st period - Minor Penalty to Ondrej Palat for Holding.
0:58 of 1st period - Bryan Little wins face-off versus Derek MacKenzie in Lightning zone.
1:08 of 1st period - Minor Penalty to Leo Komarov for Hooking.
1:09 of 1st period - Evgeni Malkin wins face-off versus Derek MacKenzie in Lightning zone.
1:17 of 1st period - Wrist shot by Jakub Voracek.
1:17 of 1st period - Shot Misses the Net.
1:19 of 1st period - Snap shot by P.K. Subban.
1:19 of 1st period - Shot Blocked by Roman Polak.
1:21 of 1st period - Slapshot by Justin Faulk.
1:21 of 1st period - Stopped by Carey Price with a rebound.
1:23 of 1st period - Slapshot by P.K. Subban.
1:23 of 1st period - Deflect By Evgeni Malkin.
1:23 of 1st period - Shot Misses the Net.
1:23 of 1st period - Puck is out of play.
1:24 of 1st period - Derek MacKenzie wins face-off versus Evgeni Malkin in Lightning zone.
1:44 of 1st period - Off-side.
1:45 of 1st period - Brandon Dubinsky wins face-off versus Bryan Little in neutral zone.
2:05 of 1st period - Marc Methot is hit by Bryan Little and loses puck.
2:10 of 1st period - Snap shot by Bryan Little.
2:10 of 1st period - Stopped by Carey Price with a rebound.
2:12 of 1st period - Slapshot by Bryan Little.
2:12 of 1st period - Stopped by Carey Price with a rebound.
2:14 of 1st period - Snap shot by Niklas Kronwall.
2:14 of 1st period - Shot Misses the Net.
2:16 of 1st period - Wrist shot by Corey Perry.
2:16 of 1st period - Stopped by Carey Price with a rebound.
2:18 of 1st period - Slapshot by Niklas Kronwall.
2:18 of 1st period - Shot Misses the Net.
2:20 of 1st period - Slapshot by Niklas Kronwall.
2:20 of 1st period - Shot Blocked by Brandon Dubinsky.
2:38 of 1st period - Derek MacKenzie is hit by Evgeni Malkin and loses puck.
2:57 of 1st period - Penalty to Ondrej Palat is over, Ondrej Palat is back on ice.
3:08 of 1st period - Penalty to Leo Komarov is over, Leo Komarov is back on ice.
3:35 of 1st period - Icing by Marc Methot.
3:36 of 1st period - Brandon Dubinsky wins face-off versus Gabriel Landeskog in Lightning zone.
3:36 of 1st period - Brandon Dubinsky is hit by Riley Nash.
4:42 of 1st period - Wrist shot by Ryan Nugent-Hopkins.
4:42 of 1st period - Shot Misses the Net.
4:44 of 1st period - Wrist shot by Patric Hornqvist.
4:44 of 1st period - Deflect By Ryan Nugent-Hopkins.
4:44 of 1st period - Shot Blocked by Jay McClement.
4:44 of 1st period - Puck is out of play.
4:45 of 1st period - Ryan Nugent-Hopkins wins face-off versus Evgeni Malkin in Flyers zone.
4:58 of 1st period - Snap shot by Evgeni Malkin.
4:58 of 1st period - Shot Misses the Net.
5:20 of 1st period - Icing by Justin Faulk.
5:21 of 1st period - Evgeni Malkin wins face-off versus Derek MacKenzie in Flyers zone.
5:48 of 1st period - Slapshot by Ryan Suter.
5:48 of 1st period - Shot Blocked by Evgeni Malkin.
5:50 of 1st period - Wrist shot by Derek MacKenzie.
5:50 of 1st period - Shot Misses the Net.
5:52 of 1st period - Snap shot by Matt Calvert.
5:52 of 1st period - Shot Blocked by Evgeni Malkin.
6:08 of 1st period - Snap shot by Taylor Hall.
6:08 of 1st period - Shot Blocked by Ryan Suter.
6:40 of 1st period - Slapshot by Taylor Hall.
6:40 of 1st period - Shot Misses the Net.
6:58 of 1st period - Slapshot by Mark Giordano.
6:58 of 1st period - Stopped by Carey Price with a rebound.
7:00 of 1st period - Slapshot by Niklas Kronwall.
7:00 of 1st period - Shot Blocked by Tyson Barrie.
7:02 of 1st period - Slapshot by Niklas Kronwall.
7:02 of 1st period - Shot Blocked by John Mitchell.
7:04 of 1st period - Slapshot by Slava Voynov.
7:04 of 1st period - Shot Misses the Net.
7:06 of 1st period - Slapshot by Barret Jackman.
7:06 of 1st period - Shot Misses the Net.
7:17 of 1st period - Snap shot by Chris Kreider.
7:17 of 1st period - Stopped by Carey Price without a rebound.
7:18 of 1st period - Jay McClement wins face-off versus Brandon Dubinsky in Lightning zone.
7:37 of 1st period - Wrist shot by Ryan Strome.
7:37 of 1st period - Stopped by Corey Crawford with a rebound.
7:39 of 1st period - Slapshot by Michael Stone.
7:39 of 1st period - Stopped by Corey Crawford with a rebound.
7:41 of 1st period - Snap shot by Brandon Dubinsky.
7:41 of 1st period - Deflect By Ryan Strome.
7:41 of 1st period - Stopped by Corey Crawford without a rebound.
7:42 of 1st period - Bryan Little wins face-off versus Derek MacKenzie in Flyers zone.
8:51 of 1st period - Luke Glendening is hit by Alexander Steen and loses puck.
9:17 of 1st period - Slapshot by Michael Stone.
9:17 of 1st period - Shot Misses the Net.
9:41 of 1st period - Snap shot by Ondrej Palat.
9:41 of 1st period - Shot Misses the Net.
10:01 of 1st period - Matt Calvert is hit by Gabriel Landeskog and loses puck.
10:21 of 1st period - Niklas Kronwall is hit by Ryan Suter and loses puck.
10:42 of 1st period - Minor Penalty to Tyson Barrie for Hooking.
10:43 of 1st period - Brandon Dubinsky wins face-off versus Bryan Little in Lightning zone.
10:43 of 1st period - Brandon Dubinsky is hit by Corey Perry.
10:51 of 1st period - Wrist shot by Taylor Hall.
10:51 of 1st period - Shot Blocked by Roman Polak.
10:53 of 1st period - Snap shot by Taylor Hall.
10:53 of 1st period - Shot Blocked by Roman Polak.
11:15 of 1st period - Wrist shot by Bryan Little.
11:15 of 1st period - Goal by Bryan Little - Lightning : 0 - Flyers : 1.
11:16 of 1st period - Brandon Dubinsky wins face-off versus Evgeni Malkin in neutral zone.
11:27 of 1st period - Wrist shot by Evgeni Malkin.
11:27 of 1st period - Deflect By Jakub Voracek.
11:27 of 1st period - Stopped by Carey Price with a rebound.
11:29 of 1st period - Slapshot by P.K. Subban.
11:29 of 1st period - Shot Blocked by Tyson Barrie.
11:31 of 1st period - Wrist shot by Kyle Okposo.
11:31 of 1st period - Shot Misses the Net.
11:33 of 1st period - Slapshot by P.K. Subban.
11:33 of 1st period - Shot Blocked by Brandon Dubinsky.
11:35 of 1st period - Snap shot by Kyle Okposo.
11:35 of 1st period - Stopped by Carey Price with a rebound.
11:37 of 1st period - Slapshot by P.K. Subban.
11:37 of 1st period - Deflect By Jakub Voracek.
11:37 of 1st period - Stopped by Carey Price without a rebound.
11:38 of 1st period - Ryan Nugent-Hopkins wins face-off versus Bryan Little in Lightning zone.
11:43 of 1st period - Mark Giordano is hit by Dmitry Kulikov and loses puck.
12:10 of 1st period - Alexander Steen is hit by Taylor Hall and loses puck.
12:15 of 1st period - Wrist shot by Bryan Little.
12:15 of 1st period - Shot Hit the Post.
12:51 of 1st period - Snap shot by Evgeni Malkin.
12:51 of 1st period - Stopped by Carey Price with a rebound.
13:41 of 1st period - Icing by Jay McClement.
13:42 of 1st period - Jay McClement wins face-off versus John Mitchell in Flyers zone.
14:11 of 1st period - Snap shot by Jiri Tlusty.
14:11 of 1st period - Stopped by Corey Crawford with a rebound.
14:30 of 1st period - Off-side.
14:31 of 1st period - Derek MacKenzie wins face-off versus Bryan Little in neutral zone.
14:57 of 1st period - Snap shot by Corey Perry.
14:57 of 1st period - Stopped by Carey Price with a rebound.
14:59 of 1st period - Wrist shot by Bryan Little.
14:59 of 1st period - Shot Misses the Net.
15:01 of 1st period - Slapshot by Niklas Kronwall.
15:01 of 1st period - Stopped by Carey Price with a rebound.
15:36 of 1st period - Roman Polak is hit by Nate Thompson and loses puck.
15:56 of 1st period - Mark Giordano is hit by Michael Stone and loses puck.
16:21 of 1st period - Kyle Okposo is hit by Michael Stone and loses puck.
16:30 of 1st period - Slapshot by Alexander Steen.
16:30 of 1st period - Stopped by Corey Crawford without a rebound.
16:31 of 1st period - Evgeni Malkin wins face-off versus Ryan Nugent-Hopkins in Flyers zone.
16:41 of 1st period - Icing by Ryan Nugent-Hopkins.
16:42 of 1st period - Bryan Little wins face-off versus Ryan Nugent-Hopkins in Lightning zone.
16:53 of 1st period - Snap shot by Taylor Hall.
16:53 of 1st period - Stopped by Carey Price without a rebound.
16:54 of 1st period - John Mitchell wins face-off versus Bryan Little in Lightning zone.
17:45 of 1st period - Kyle Okposo is hit by Marc Methot and loses puck.
17:54 of 1st period - Slapshot by Justin Faulk.
17:54 of 1st period - Deflect By Ondrej Palat.
17:54 of 1st period - Stopped by Carey Price without a rebound.
17:55 of 1st period - Evgeni Malkin wins face-off versus Brandon Dubinsky in Lightning zone.
17:56 of 1st period - Snap shot by Kyle Okposo.
17:56 of 1st period - Shot Misses the Net.
17:58 of 1st period - Snap shot by Barret Jackman.
17:58 of 1st period - Stopped by Carey Price with a rebound.
18:00 of 1st period - Slapshot by Barret Jackman.
18:00 of 1st period - Shot Blocked by Roman Polak.
18:02 of 1st period - Slapshot by Barret Jackman.
18:02 of 1st period - Deflect By Evgeni Malkin.
18:02 of 1st period - Shot Misses the Net.
18:02 of 1st period - Puck is out of play.
18:03 of 1st period - Jay McClement wins face-off versus Ryan Nugent-Hopkins in Lightning zone.
18:10 of 1st period - Wrist shot by Riley Nash.
18:10 of 1st period - Stopped by Carey Price with a rebound.
18:16 of 1st period - Snap shot by Gabriel Landeskog.
18:16 of 1st period - Stopped by Carey Price with a rebound.
19:47 of 1st period - Snap shot by Derek MacKenzie.
19:47 of 1st period - Stopped by Corey Crawford with a rebound.
19:49 of 1st period - Slapshot by Marc Methot.
19:49 of 1st period - Stopped by Corey Crawford without a rebound.
19:50 of 1st period - Derek MacKenzie wins face-off versus Bryan Little in Flyers zone.
19:55 of 1st period - Slapshot by Ryan Suter.
19:55 of 1st period - Shot Blocked by Taylor Hall.
19:57 of 1st period - Wrist shot by Leo Komarov.
19:57 of 1st period - Shot Misses the Net.
19:59 of 1st period - Slapshot by Ryan Suter.
19:59 of 1st period - Stopped by Corey Crawford without a rebound.
Goals for this period are 0 for Lightning vs 1 for Flyers.
Shots for this period are 9 for Lightning vs 18 for Flyers.

2nd period


0:01 of 2nd period - Bryan Little wins face-off versus Ryan Nugent-Hopkins in neutral zone.
0:31 of 2nd period - Off-side.
0:32 of 2nd period - Evgeni Malkin wins face-off versus Brandon Dubinsky in neutral zone.
0:35 of 2nd period - Snap shot by Evgeni Malkin.
0:35 of 2nd period - Shot Misses the Net.
1:01 of 2nd period - Brandon Dubinsky is hit by Niklas Kronwall and loses puck.
1:28 of 2nd period - Gabriel Landeskog is hit by Ryan Suter and loses puck.
1:45 of 2nd period - Michael Stone is hit by Gabriel Landeskog and loses puck.
2:40 of 2nd period - Bryan Little is hit by Dmitry Kulikov and loses puck.
3:39 of 2nd period - Brandon Dubinsky is hit by Kyle Okposo.
3:59 of 2nd period - Tyson Barrie is hit by Kyle Okposo and loses puck.
4:14 of 2nd period - Wrist shot by Chris Kreider.
4:14 of 2nd period - Shot Misses the Net.
5:03 of 2nd period - Minor Penalty to Marc Methot for Slashing.
5:04 of 2nd period - Evgeni Malkin wins face-off versus Brandon Dubinsky in Lightning zone.
5:17 of 2nd period - Snap shot by Jakub Voracek.
5:17 of 2nd period - Stopped by Carey Price without a rebound.
5:18 of 2nd period - Brandon Dubinsky wins face-off versus Evgeni Malkin in Lightning zone.
5:36 of 2nd period - Slapshot by Mark Giordano.
5:36 of 2nd period - Stopped by Carey Price without a rebound.
5:37 of 2nd period - Derek MacKenzie wins face-off versus Bryan Little in Lightning zone.
6:07 of 2nd period - Minor Penalty to Leo Komarov for Holding.
6:08 of 2nd period - Brandon Dubinsky wins face-off versus Evgeni Malkin in Lightning zone.
6:12 of 2nd period - Slapshot by Ryan Suter.
6:12 of 2nd period - Shot Misses the Net.
7:03 of 2nd period - Penalty to Marc Methot is over, Marc Methot is back on ice.
7:55 of 2nd period - Derek MacKenzie is hit by Niklas Kronwall and loses puck.
8:07 of 2nd period - Penalty to Leo Komarov is over, Leo Komarov is back on ice.
8:07 of 2nd period - Corey Perry is hit by Derek MacKenzie.
9:02 of 2nd period - Barret Jackman is hit by Dmitry Kulikov and loses puck.
9:31 of 2nd period - Icing by Ryan Suter.
9:32 of 2nd period - Evgeni Malkin wins face-off versus Ryan Nugent-Hopkins in Lightning zone.
10:01 of 2nd period - Evgeni Malkin is hit by Patric Hornqvist and loses puck.
11:05 of 2nd period - Off-side.
11:06 of 2nd period - Nate Thompson wins face-off versus Matt Calvert in neutral zone.
11:23 of 2nd period - Slapshot by Matt Calvert.
11:23 of 2nd period - Deflect By Derek MacKenzie.
11:23 of 2nd period - Stopped by Corey Crawford with a rebound.
12:37 of 2nd period - Backhand shot by Patric Hornqvist.
12:37 of 2nd period - Stopped by Corey Crawford with a rebound.
12:39 of 2nd period - Snap shot by Roman Polak.
12:39 of 2nd period - Stopped by Corey Crawford without a rebound.
12:40 of 2nd period - Jay McClement wins face-off versus Brandon Dubinsky in Flyers zone.
13:45 of 2nd period - Nate Thompson is hit by Patric Hornqvist.
14:40 of 2nd period - Snap shot by Jiri Tlusty.
14:40 of 2nd period - Goal by Jiri Tlusty - Lightning : 1 - Flyers : 1.
14:41 of 2nd period - Bryan Little wins face-off versus Brandon Dubinsky in neutral zone.
15:09 of 2nd period - Marc Methot is hit by Niklas Kronwall and loses puck.
16:15 of 2nd period - Minor Penalty to Evgeni Malkin for Checking from behind.
16:16 of 2nd period - Brandon Dubinsky wins face-off versus Bryan Little in Flyers zone.
16:50 of 2nd period - P.K. Subban is hit by Patric Hornqvist and loses puck.
16:57 of 2nd period - Snap shot by Ryan Nugent-Hopkins.
16:57 of 2nd period - Shot Blocked by P.K. Subban.
16:59 of 2nd period - Slapshot by Marc Methot.
16:59 of 2nd period - Deflect By P.K. Subban.
16:59 of 2nd period - Stopped by Corey Crawford without a rebound.
17:00 of 2nd period - Ryan Nugent-Hopkins wins face-off versus Bryan Little in Flyers zone.
17:19 of 2nd period - Snap shot by Patric Hornqvist.
17:19 of 2nd period - Deflect By Alexander Steen.
17:19 of 2nd period - Stopped by Corey Crawford with a rebound.
18:05 of 2nd period - Marc Methot is hit by Taylor Hall and loses puck.
18:15 of 2nd period - Penalty to Evgeni Malkin is over, Evgeni Malkin is back on ice.
18:29 of 2nd period - Ondrej Palat is hit by Riley Nash and loses puck.
18:52 of 2nd period - Minor Penalty to John Mitchell for Charging.
18:53 of 2nd period - Derek MacKenzie wins face-off versus Evgeni Malkin in Lightning zone.
19:07 of 2nd period - Snap shot by Evgeni Malkin.
19:07 of 2nd period - Shot Blocked by Marc Methot.
19:11 of 2nd period - Snap shot by Jakub Voracek.
19:11 of 2nd period - Goal by Jakub Voracek - Lightning : 1 - Flyers : 2.
19:12 of 2nd period - Nate Thompson wins face-off versus Derek MacKenzie in neutral zone.
19:15 of 2nd period - Wrist shot by P.K. Subban.
19:15 of 2nd period - Stopped by Carey Price without a rebound.
19:16 of 2nd period - Nate Thompson wins face-off versus Matt Calvert in Lightning zone.
19:17 of 2nd period - Slapshot by P.K. Subban.
19:17 of 2nd period - Shot Blocked by Derek MacKenzie.
19:19 of 2nd period - Snap shot by P.K. Subban.
19:19 of 2nd period - Shot Blocked by Roman Polak.
19:21 of 2nd period - Slapshot by P.K. Subban.
19:21 of 2nd period - Stopped by Carey Price without a rebound.
19:22 of 2nd period - Nate Thompson wins face-off versus Matt Calvert in Lightning zone.
19:23 of 2nd period - Slapshot by Chris Kreider.
19:23 of 2nd period - Goal by Chris Kreider - Lightning : 1 - Flyers : 3.
19:24 of 2nd period - Ryan Nugent-Hopkins wins face-off versus Taylor Hall in neutral zone.
19:46 of 2nd period - Snap shot by Patric Hornqvist.
19:46 of 2nd period - Goal by Patric Hornqvist - Lightning : 2 - Flyers : 3.
19:47 of 2nd period - Evgeni Malkin wins face-off versus Brandon Dubinsky in neutral zone.
Goals for this period are 2 for Lightning vs 2 for Flyers.
Shots for this period are 7 for Lightning vs 6 for Flyers.

3rd period


0:01 of 3rd period - Bryan Little wins face-off versus Ryan Nugent-Hopkins in neutral zone.
0:18 of 3rd period - Slapshot by Alexander Steen.
0:18 of 3rd period - Shot Misses the Net.
0:20 of 3rd period - Snap shot by Ryan Suter.
0:20 of 3rd period - Shot Misses the Net.
0:22 of 3rd period - Slapshot by Ryan Suter.
0:22 of 3rd period - Deflect By Patric Hornqvist.
0:22 of 3rd period - Shot Misses the Net.
0:22 of 3rd period - Puck is out of play.
0:23 of 3rd period - Brandon Dubinsky wins face-off versus Evgeni Malkin in Flyers zone.
1:30 of 3rd period - Derek MacKenzie is hit by P.K. Subban and loses puck.
2:54 of 3rd period - Snap shot by John Mitchell.
2:54 of 3rd period - Shot Blocked by Slava Voynov.
2:56 of 3rd period - Slapshot by Michael Stone.
2:56 of 3rd period - Stopped by Corey Crawford with a rebound.
2:58 of 3rd period - Slapshot by Roman Polak.
2:58 of 3rd period - Stopped by Corey Crawford with a rebound.
3:00 of 3rd period - Slapshot by Alex Chiasson.
3:00 of 3rd period - Stopped by Corey Crawford without a rebound.
3:01 of 3rd period - John Mitchell wins face-off versus Evgeni Malkin in Flyers zone.
3:08 of 3rd period - Justin Faulk is hit by Jiri Tlusty and loses puck.
3:56 of 3rd period - Corey Perry is hit by Brandon Dubinsky and loses puck.
4:15 of 3rd period - Wrist shot by Brandon Dubinsky.
4:15 of 3rd period - Stopped by Corey Crawford with a rebound.
4:37 of 3rd period - Patric Hornqvist is hit by Niklas Kronwall and loses puck.
4:45 of 3rd period - Mark Giordano is hit by Alexander Steen and loses puck.
5:47 of 3rd period - Justin Faulk is hit by Dmitry Kulikov and loses puck.
7:04 of 3rd period - Slapshot by Patric Hornqvist.
7:04 of 3rd period - Deflect By Justin Faulk.
7:04 of 3rd period - Shot Misses the Net.
7:04 of 3rd period - Puck is out of play.
7:05 of 3rd period - Nate Thompson wins face-off versus Ryan Nugent-Hopkins in Flyers zone.
7:12 of 3rd period - Wrist shot by Chris Kreider.
7:12 of 3rd period - Shot Misses the Net.
7:14 of 3rd period - Slapshot by Slava Voynov.
7:14 of 3rd period - Shot Misses the Net.
7:16 of 3rd period - Backhand shot by Luke Glendening.
7:16 of 3rd period - Stopped by Carey Price without a rebound.
7:17 of 3rd period - Nate Thompson wins face-off versus Derek MacKenzie in Lightning zone.
7:22 of 3rd period - Snap shot by Nate Thompson.
7:22 of 3rd period - Stopped by Carey Price with a rebound.
7:24 of 3rd period - Slapshot by Slava Voynov.
7:24 of 3rd period - Stopped by Carey Price with a rebound.
7:32 of 3rd period - Snap shot by Chris Kreider.
7:32 of 3rd period - Deflect By Luke Glendening.
7:32 of 3rd period - Shot Misses the Net.
7:32 of 3rd period - Puck is out of play.
7:33 of 3rd period - Jay McClement wins face-off versus Derek MacKenzie in Lightning zone.
7:43 of 3rd period - Minor Penalty to Michael Stone for Roughing.
7:44 of 3rd period - Evgeni Malkin wins face-off versus Matt Calvert in Lightning zone.
8:35 of 3rd period - Snap shot by Bryan Little.
8:35 of 3rd period - Goal by Bryan Little - Lightning : 2 - Flyers : 4.
8:36 of 3rd period - Jay McClement wins face-off versus Ryan Nugent-Hopkins in neutral zone.
8:55 of 3rd period - Snap shot by Patric Hornqvist.
8:55 of 3rd period - Shot Misses the Net.
8:57 of 3rd period - Wrist shot by Alexander Steen.
8:57 of 3rd period - Stopped by Corey Crawford with a rebound.
8:59 of 3rd period - Slapshot by Ryan Suter.
8:59 of 3rd period - Shot Misses the Net.
9:01 of 3rd period - Slapshot by Ryan Suter.
9:01 of 3rd period - Stopped by Corey Crawford with a rebound.
9:32 of 3rd period - Wrist shot by Ondrej Palat.
9:32 of 3rd period - Stopped by Corey Crawford with a rebound.
9:34 of 3rd period - Slapshot by Roman Polak.
9:34 of 3rd period - Shot Blocked by Niklas Kronwall.
9:36 of 3rd period - Snap shot by Ondrej Palat.
9:36 of 3rd period - Shot Blocked by Niklas Kronwall.
9:38 of 3rd period - Slapshot by Roman Polak.
9:38 of 3rd period - Shot Misses the Net.
9:40 of 3rd period - Slapshot by Roman Polak.
9:40 of 3rd period - Deflect By Ryan Strome.
9:40 of 3rd period - Shot Misses the Net.
9:40 of 3rd period - Puck is out of play.
9:41 of 3rd period - Brandon Dubinsky wins face-off versus Evgeni Malkin in Flyers zone.
9:44 of 3rd period - Slapshot by Ryan Strome.
9:44 of 3rd period - Stopped by Corey Crawford without a rebound.
9:45 of 3rd period - Brandon Dubinsky wins face-off versus Evgeni Malkin in Flyers zone.
10:08 of 3rd period - Snap shot by Brandon Dubinsky.
10:08 of 3rd period - Shot Blocked by Justin Faulk.
10:15 of 3rd period - Minor Penalty to Jakub Voracek for Holding.
10:16 of 3rd period - Bryan Little wins face-off versus Ryan Nugent-Hopkins in Flyers zone.
10:33 of 3rd period - Snap shot by Bryan Little.
10:33 of 3rd period - Stopped by Carey Price with a rebound.
10:35 of 3rd period - Slapshot by P.K. Subban.
10:35 of 3rd period - Shot Blocked by Patric Hornqvist.
10:39 of 3rd period - Snap shot by Bryan Little.
10:39 of 3rd period - Shot Blocked by Ryan Nugent-Hopkins.
10:41 of 3rd period - Slapshot by P.K. Subban.
10:41 of 3rd period - Stopped by Carey Price without a rebound.
10:42 of 3rd period - Bryan Little wins face-off versus Brandon Dubinsky in Lightning zone.
12:05 of 3rd period - Brandon Dubinsky is hit by P.K. Subban and loses puck.
12:15 of 3rd period - Penalty to Jakub Voracek is over, Jakub Voracek is back on ice.
12:22 of 3rd period - Icing by Luke Glendening.
12:23 of 3rd period - John Mitchell wins face-off versus Jay McClement in Flyers zone.
12:24 of 3rd period - Snap shot by Alex Chiasson.
12:24 of 3rd period - Stopped by Corey Crawford with a rebound.
12:26 of 3rd period - Snap shot by Michael Stone.
12:26 of 3rd period - Shot Misses the Net.
12:44 of 3rd period - Snap shot by Alex Chiasson.
12:44 of 3rd period - Stopped by Corey Crawford with a rebound.
12:46 of 3rd period - Slapshot by Roman Polak.
12:46 of 3rd period - Shot Misses the Net.
12:48 of 3rd period - Wrist shot by Jiri Tlusty.
12:48 of 3rd period - Stopped by Corey Crawford without a rebound.
12:49 of 3rd period - Derek MacKenzie wins face-off versus Evgeni Malkin in Flyers zone.
13:22 of 3rd period - Slapshot by Ryan Suter.
13:22 of 3rd period - Stopped by Corey Crawford with a rebound.
13:24 of 3rd period - Snap shot by Leo Komarov.
13:24 of 3rd period - Stopped by Corey Crawford with a rebound.
13:36 of 3rd period - Slava Voynov is hit by Ryan Nugent-Hopkins and loses puck.
13:56 of 3rd period - Snap shot by Bryan Little.
13:56 of 3rd period - Stopped by Carey Price with a rebound.
14:22 of 3rd period - Nate Thompson is hit by Patric Hornqvist and loses puck.
14:35 of 3rd period - Snap shot by Ondrej Palat.
14:35 of 3rd period - Shot Misses the Net.
14:37 of 3rd period - Slapshot by Brandon Dubinsky.
14:37 of 3rd period - Shot Misses the Net.
14:49 of 3rd period - Nate Thompson is hit by Marc Methot and loses puck.
15:10 of 3rd period - Snap shot by Gabriel Landeskog.
15:10 of 3rd period - Shot Blocked by Dmitry Kulikov.
15:12 of 3rd period - Slapshot by Mark Giordano.
15:12 of 3rd period - Shot Blocked by Dmitry Kulikov.
15:14 of 3rd period - Slapshot by Mark Giordano.
15:14 of 3rd period - Stopped by Carey Price without a rebound.
15:15 of 3rd period - Gabriel Landeskog wins face-off versus John Mitchell in Lightning zone.
15:16 of 3rd period - Slapshot by Mark Giordano.
15:16 of 3rd period - Stopped by Carey Price with a rebound.
15:18 of 3rd period - Snap shot by Jay McClement.
15:18 of 3rd period - Shot Misses the Net.
15:20 of 3rd period - Wrist shot by Riley Nash.
15:20 of 3rd period - Stopped by Carey Price with a rebound.
15:22 of 3rd period - Snap shot by Jay McClement.
15:22 of 3rd period - Shot Misses the Net.
15:46 of 3rd period - Michael Stone is hit by Gabriel Landeskog and loses puck.
15:57 of 3rd period - Niklas Kronwall is hit by Jiri Tlusty and loses puck.
16:17 of 3rd period - Snap shot by Matt Calvert.
16:17 of 3rd period - Stopped by Corey Crawford with a rebound.
16:19 of 3rd period - Snap shot by Matt Calvert.
16:19 of 3rd period - Stopped by Corey Crawford with a rebound.
16:21 of 3rd period - Wrist shot by Derek MacKenzie.
16:21 of 3rd period - Stopped by Corey Crawford with a rebound.
16:23 of 3rd period - Snap shot by Leo Komarov.
16:23 of 3rd period - Stopped by Corey Crawford with a rebound.
16:25 of 3rd period - Slapshot by Derek MacKenzie.
16:25 of 3rd period - Shot Blocked by Bryan Little.
16:27 of 3rd period - Slapshot by Dmitry Kulikov.
16:27 of 3rd period - Stopped by Corey Crawford with a rebound.
16:55 of 3rd period - Evgeni Malkin is hit by Patric Hornqvist and loses puck.
17:08 of 3rd period - Snap shot by Ryan Nugent-Hopkins.
17:08 of 3rd period - Shot Misses the Net.
17:46 of 3rd period - Wrist shot by Ondrej Palat.
17:46 of 3rd period - Stopped by Corey Crawford with a rebound.
18:14 of 3rd period - Minor Penalty to Barret Jackman for High sticking.
18:15 of 3rd period - Ryan Nugent-Hopkins wins face-off versus Bryan Little in Flyers zone.
18:52 of 3rd period - Tyson Barrie is hit by Gabriel Landeskog and loses puck.
Goals for this period are 0 for Lightning vs 1 for Flyers.
Shots for this period are 19 for Lightning vs 10 for Flyers.